gotta get to medusa, neutral female scurrid Tourist ----------------------------------------------------------------------------- | | | | | | | | | | | |-------- | --- | --- | ------- | | | --| --------- | | --- | ----- | | --- | | | | | | | | | | | | | | | | | | | | | | ----- --- | --- | --- ----- --------- | --- ------| |-- | --------- | | | | | | | | | | | | | | | | | | | | | | | ------- --------| |------ | |-- --- | --| ------- | | ----- | ------| ----| | | | | | | | | | | |<| | | | | | | | | --------- ----- | | | ----| | --| | |-- | | --- | ------- | --- | | ----- | | | | | | | | | | | | | | | | | | | | | |------ | --| --- | | | --- | --- --- --------- | | | --- | |------ |---- | | | | | | | | | | | | | | .@.| | | | |>| | | | | | | | --- | |-- | | | ----- | ----- --- ---------.|-- |---| | | | | ----| | --- | | | | | | | | | | | | | | |.| | | | | | | | | |-- | | |---| | |-- | --| | ----- |---- | --|.| --- --- ----- | | | | --| | | | | | | | | | | | | | | | | | |.. | | | | | | | | | | | | | | | | | | ------- | | ----- | | | | ----- ------------- | | --- --- | | | | | | | | | | | | ----------------------------------------------------------------------------- gotta get to medusa the Rambler Experience level: 1 Strength: 13 Dexterity: 13 Constitution: 13 Intelligence: 13 Wisdom: 9 Charisma: 13 Health: 0(11) Energy: 2(2) Def: 0 Gold: 36 Moves: 180 Dungeon seed: ZOGWHR3K8iqHE4kw Game ID: gotta get to medusa_1528811892 Your Inventory: Coins $ - 36 gold pieces Weapons a - 44 uncursed +2 darts (in quiver) Armor e - an uncursed +0 Hawaiian shirt (being worn) Comestibles b - an uncursed egg c - 7 uncursed tripe rations d - 2 uncursed oranges f - 3 uncursed food rations g - an uncursed pancake Scrolls i - 3 uncursed scrolls of magic mapping Wands l - an uncursed wand of secret door detection (0:11) Tools j - an uncursed expensive camera (0:93) k - an uncursed credit card m - an uncursed towel Spells and supernatural/magical abilities: Name Level Category Fail Memory W - pray for help -- divine ? -- Your skills at the end: Miscellaneous Skills wands [Basic] Weapon Skills dart [Basic] Spellcasting Skills Final Attributes: You were devoutly aligned. Your writing paw was cramped from overuse. You had infravision. You were very stealthy. You are dead. Voluntary challenges: You went without food. You did not adorn yourself with jewelry or accessories. You did not cause conflict. You were not invisible. You did not have reflection. You were not displaced. You were an atheist. You never hit with a wielded weapon. You were a pacifist. You did not use tools. You did not use plumbed fixtures. You read items or engraved 4 times, starting on turn 55. You never genocided any monsters. You never polymorphed an object. You never changed form. You used no wishes. You never split a pudding. You wrote Elbereth's name 3 times, starting on turn 55. You never violated your personal moral code. Dungeon overview: The Dungeons of Doom: levels 1 to 23 Level 1 a long staircase Level 2 Level 3 Level 4 Level 5 Level 6 Level 7 Level 8 Level 9 Level 10 Level 11 a fountain Level 12 Level 13 Level 14 Level 15 a fountain Level 16 Level 17 Level 18 Level 19 Level 20 Level 21 Level 22 Level 23 <- You were here History has recorded: On T:1 you entered the Dungeons of Doom to retrieve the Amulet of Yendor! On T:7 you reached level 2 of The Dungeons of Doom. On T:13 you reached level 3 of The Dungeons of Doom. On T:25 you reached level 5 of The Dungeons of Doom. On T:31 you reached level 6 of The Dungeons of Doom. On T:34 you reached level 7 of The Dungeons of Doom. On T:40 you reached level 8 of The Dungeons of Doom. On T:67 you reached level 9 of The Dungeons of Doom. On T:74 you reached level 10 of The Dungeons of Doom. On T:80 you reached level 11 of The Dungeons of Doom. On T:86 you reached level 12 of The Dungeons of Doom. On T:94 you reached level 13 of The Dungeons of Doom. On T:100 you reached level 14 of The Dungeons of Doom. On T:111 you reached level 15 of The Dungeons of Doom. On T:119 you reached level 16 of The Dungeons of Doom. On T:119 you entered the Rogue tribute level. On T:126 you reached level 17 of The Dungeons of Doom. On T:137 you reached level 18 of The Dungeons of Doom. On T:139 you reached level 19 of The Dungeons of Doom. On T:147 you reached level 20 of The Dungeons of Doom. On T:158 you reached level 21 of The Dungeons of Doom. On T:165 you reached level 22 of The Dungeons of Doom. On T:175 you reached level 23 of The Dungeons of Doom. Score breakdown: Gold: 25 ( 2 points) Experience: 1 level ( 0 points) Exploration: 23 levels ( 660 points) Discoveries: 1 item ( 50 points) Variety of kills: 0 monsters ( 0 points) Major goal: (nothing yet) ( 0 points) Survival: died (score multiplied by 3) Total score: 2136 Latest messages: The winged gargoyle turns to flee! You start digging downward. You continue digging downward. You dig a pit in the floor. You continue digging downward. (6x) You dig a hole through the floor. You fall through... As you read the scroll, it disappears. A map coalesces in your mind! You write in the dust with your fingers. Your paw is cramping up. You manage to get your message written, but the effort is draining. The young white dragon turns to flee! You start chewing a hole in the rock. You continue digging. You stop digging. The blast of frost hits you! The blast of frost bounces! The blast of frost hits you! You die... Final status: Aloha gotta get to medusa the Tourist, killed by a blast of frost... You died in The Dungeons of Doom on dungeon level 23 with 2136 points, and 36 pieces of gold, after 180 moves. You were level 1 with a maximum of 11 hit points when you died.